 Dungeon Crawl Stone Soup version 0.21.1-1-g345015f (webtiles) character file.

98 tidbits the Insei (level 4, 0/34 HPs)
             Began as a Gnoll Transmuter on Feb 10, 2018.
             Slain by an ogre
             ... wielding a +0 giant club
              (22 damage)
             ... on level 5 of the Dungeon.
             The game lasted 00:03:40 (450 turns).

tidbits the Insei (Gnoll Transmuter)                 Turns: 450, Time: 00:03:40

Health: 0/34       AC:  2    Str: 12    XL:     4   Next: 69%
Magic:  8/11       EV: 23    Int: 17    God:
Gold:   36         SH:  0    Dex: 20    Spells: 7/13 levels left

rFire    . . .     SeeInvis .     - Unarmed
rCold    . . .     Gourm    .   (shield currently unavailable)
rNeg     . . .     Faith    .   (armour currently unavailable)
rPois    x         Spirit   .   (helmet currently unavailable)
rElec    .         Reflect  .   (cloak currently unavailable)
rCorr    .         Harm     .   (gloves currently unavailable)
MR       .....                  (boots currently unavailable)
Stlth    ++........             (no amulet)
HPRegen  0.11/turn              (no ring)
MPRegen  0.12/turn              (no ring)

@: spider-form
A: tiny, distributed training, strong nose
a: End Transformation


You were on level 5 of the Dungeon.
You were not hungry.
You were a venomous arachnid creature.
You visited 1 branch of the dungeon, and saw 5 of its levels.

You collected 36 gold pieces.

Inventory:

Hand Weapons
 h - a +0 hunting sling (melded)
Missiles
 a - 10 arrows
 e - 12 sling bullets
Armour
 b - a +0 robe
 f - a +0 ring mail
 g - a +0 buckler
 l - a cursed +0 scale mail
 B - a +0 leather armour of poison resistance (melded)
   (You took it off an orc on level 3 of the Dungeon)
 C - a +0 cloak (melded)
Wands
 m - a wand of acid (7)
Scrolls
 i - a scroll of identify
 j - a scroll of noise
 k - 3 scrolls of remove curse
Books
 c - a book of Changes

   Spells                             Type                      Level
   a - Beastly Appendage              Transmutation                1
   b - Sticks to Snakes               Transmutation                2
   c - Spider Form                    Transmutation/Poison         3
   d - Ice Form                       Ice/Transmutation            4
   e - Blade Hands                    Transmutation                5
Comestibles
 d - 3 rations


   Skills:
 + Level 2.8 Fighting
 + Level 1.2 Short Blades
 + Level 1.2 Long Blades
 + Level 1.2 Axes
 + Level 1.2 Maces & Flails
 + Level 1.2 Polearms
 + Level 1.2 Staves
 + Level 1.2 Slings
 + Level 1.2 Bows
 + Level 1.2 Crossbows
 + Level 1.2 Throwing
 + Level 1.2 Armour
 + Level 4.6 Dodging
 + Level 1.2 Stealth
 + Level 1.2 Shields
 + Level 6.6 Unarmed Combat
 + Level 5.1 Spellcasting
 + Level 1.0 Conjurations
 + Level 1.0 Hexes
 + Level 1.0 Charms
 + Level 1.0 Summonings
 + Level 1.0 Necromancy
 + Level 1.0 Translocations
 + Level 3.8 Transmutations
 + Level 1.0 Fire Magic
 + Level 1.0 Ice Magic
 + Level 1.0 Air Magic
 + Level 1.0 Earth Magic
 + Level 1.0 Poison Magic
 + Level 1.3 Invocations
 + Level 1.2 Evocations


You had 7 spell levels left.
You knew the following spells:

 Your Spells              Type           Power        Failure   Level  Hunger
e - Beastly Appendage     Tmut           ###...       10%         1    None
k - Sticks to Snakes      Tmut           ###.....     13%         2    #......
p - Spider Form           Tmut/Pois      ##........   34%         3    ###....


Dungeon Overview and Level Annotations

Branches:
Dungeon (5/15)
 Temple: D:4-7

Altars:

Annotations:
D:4 Blork the orc


Innate Abilities, Weirdness & Mutations

Your experience applies equally to all skills.
((You have very sharp teeth.))
Your uncanny sense of smell can sniff out nearby items.


Message History

You see here an adder corpse.
There is a stone staircase leading down here.
You climb downwards.
There is a stone staircase leading up here.
Unknown command.
There is a stone staircase leading up here.
There is a dry fountain here.
Found a scroll of remove curse.
You see here a scroll of remove curse.
k - 2 scrolls of remove curse (gained 1)
Found a shiny scale mail.
A jelly comes into view.
The jelly moves out of view.
Found a worn silver wand.
Found a scroll of remove curse.
Unknown command.
Found 25 gold pieces.
You see here a shiny scale mail.
l - a shiny scale mail Wield which item (- for none, * to show all)? (? for menu, Esc to quit)
h - a +0 hunting sling (weapon)
Quiver which item? (- for none, * to show all) (? for menu, Esc to quit)
Okay, then.
Firing (i - inventory):
e - 18 sling bullets (quivered)
Press: ? - help, Shift-Dir - straight line, f - jelly
Aim: a jelly (hasn't noticed you)
You shoot a sling bullet. The jelly quivers.
The sling bullet hits the jelly.
The jelly is moderately wounded.
Firing (i - inventory):
e - 17 sling bullets (quivered)
Press: ? - help, Shift-Dir - straight line, f/p - jelly
Aim: a jelly (moderately wounded)
You shoot a sling bullet. The sling bullet hits the jelly.
The jelly is severely wounded.
Firing (i - inventory):
e - 16 sling bullets (quivered)
Press: ? - help, Shift-Dir - straight line, f/p - jelly
Aim: a jelly (severely wounded)
You shoot a sling bullet. The sling bullet hits the jelly.
The jelly is severely wounded.
Firing (i - inventory):
e - 15 sling bullets (quivered)
Press: ? - help, Shift-Dir - straight line, f/p - jelly
Aim: a jelly (severely wounded)
You shoot a sling bullet. The sling bullet hits the jelly.
You kill the jelly!
Your Conjurations skill increases to level 1!
Your Hexes skill increases to level 1!
Your Charms skill increases to level 1!
Your Summonings skill increases to level 1!
Your Necromancy skill increases to level 1!
Your Translocations skill increases to level 1!
Your Fire Magic skill increases to level 1!
Your Ice Magic skill increases to level 1!
Your Air Magic skill increases to level 1!
Your Earth Magic skill increases to level 1!
Your Poison Magic skill increases to level 1!
Found 24 stones.
A quokka comes into view.
Found 12 gold pieces.
Firing (i - inventory):
e - 14 sling bullets (quivered)
Press: ? - help, Shift-Dir - straight line, f - quokka
Aim: a quokka (hasn't noticed you)
You shoot a sling bullet.
The sling bullet hits the quokka but does no damage.
Firing (i - inventory):
e - 13 sling bullets (quivered)
Press: ? - help, Shift-Dir - straight line, f/p - quokka
Aim: a quokka You shoot a sling bullet.
The sling bullet hits the quokka.
The quokka is severely wounded.
Firing (i - inventory):
e - 12 sling bullets (quivered)
Press: ? - help, Shift-Dir - straight line, f/p - quokka
Aim: a quokka (severely wounded)
You shoot a sling bullet. The sling bullet hits the quokka.
You kill the quokka!
You see here a wand of acid (7).
m - a wand of acid (7)
Found a scroll labeled GOALICH ARGHU.
You see here 10 gold pieces.
You now have 36 gold pieces (gained 10).
Unknown command.
Press: ? - help, v - describe, . - travel, g - get item A sling bullet.
There is something else lying underneath.
The floor.
You see here a sling bullet.
e - 12 sling bullets (gained 1)
You see here a scroll of remove curse.
k - 3 scrolls of remove curse (gained 1)
Found a scroll of identify.
An ogre comes into view. It is wielding a giant club.
The ogre shouts!
You see here 15 gold pieces.
Casting: Spider Form
Confirm with . or Enter, or press ? or * to list all spells.
You turn into a venomous arachnid creature.
Your +0 hunting sling melds into your body.
Your +0 cloak melds into your body.
Your +0 leather armour of poison resistance melds into your body.
You no longer feel resistant to poison.
The ogre hits you with a giant club!!
Ouch! That really hurt!
You die...

. . ## .## #. .# .#... ?#
.# ...#. .##.##..... ...
...... #O##...... #s#....#
#.. ####......# #..#
#.......#.#### #..#
##............. #..#
##..............
#####..####...............
...............((........?
..........#...........(...
.........##...............


You could see an ogre.

Vanquished Creatures
  A jelly (D:5)
  A worker ant (D:4)
  An adder (D:4)
  A leopard gecko (D:3)
  An orc (D:3)
  2 giant cockroaches
  A hobgoblin (D:2)
  2 quokkas
  A jackal zombie (D:5)
11 creatures vanquished.

Vanquished Creatures (collateral kills)
  A bullfrog skeleton (D:4)
1 creature vanquished.

Grand Total: 12 creatures vanquished

Notes
Turn   | Place    | Note
-------+----------+-------------------------------------------
     0 | D:1      | tidbits the Gnoll Transmuter began the quest for the Orb.
     0 | D:1      | Reached XP level 1. HP: 17/17 MP: 6/6
   195 | D:3      | Reached XP level 2. HP: 23/23 MP: 5/7
   199 | D:3      | Learned a level 2 spell: Sticks to Snakes
   300 | D:4      | Reached skill level 5 in Spellcasting
   300 | D:4      | Reached XP level 3. HP: 19/28 MP: 4/9
   305 | D:4      | Learned a level 3 spell: Spider Form
   322 | D:5      | Entered Level 5 of the Dungeon
   342 | D:4      | Reached skill level 1 in Invocations
   347 | D:4      | Reached skill level 1 in Short Blades
   347 | D:4      | Reached skill level 1 in Long Blades
   347 | D:4      | Reached skill level 1 in Axes
   347 | D:4      | Reached skill level 1 in Maces & Flails
   347 | D:4      | Reached skill level 1 in Polearms
   347 | D:4      | Reached skill level 1 in Staves
   347 | D:4      | Reached skill level 1 in Slings
   347 | D:4      | Reached skill level 1 in Bows
   347 | D:4      | Reached skill level 1 in Crossbows
   347 | D:4      | Reached skill level 1 in Throwing
   347 | D:4      | Reached skill level 1 in Armour
   347 | D:4      | Reached skill level 1 in Stealth
   347 | D:4      | Reached skill level 1 in Shields
   347 | D:4      | Reached skill level 1 in Evocations
   347 | D:4      | Reached XP level 4. HP: 10/34 MP: 3/11
   351 | D:4      | Noticed Blork the orc
   428 | D:5      | Reached skill level 1 in Conjurations
   428 | D:5      | Reached skill level 1 in Hexes
   428 | D:5      | Reached skill level 1 in Charms
   428 | D:5      | Reached skill level 1 in Summonings
   428 | D:5      | Reached skill level 1 in Necromancy
   428 | D:5      | Reached skill level 1 in Translocations
   428 | D:5      | Reached skill level 1 in Fire Magic
   428 | D:5      | Reached skill level 1 in Ice Magic
   428 | D:5      | Reached skill level 1 in Air Magic
   428 | D:5      | Reached skill level 1 in Earth Magic
   428 | D:5      | Reached skill level 1 in Poison Magic
   449 | D:5      | Noticed an ogre
   450 | D:5      | Slain by an ogre

Skill      XL: |  1  2  3  4 |
---------------+-------------+-----
Spellcasting   | 5 |  5.1
Invocations    | 1 |  1.3
Short Blades   | 1 |  1.2
Long Blades    | 1 |  1.2
Axes           | 1 |  1.2
Maces & Flails | 1 |  1.2
Polearms       | 1 |  1.2
Staves         | 1 |  1.2
Slings         | 1 |  1.2
Bows           | 1 |  1.2
Crossbows      | 1 |  1.2
Throwing       | 1 |  1.2
Armour         | 1 |  1.2
Stealth        | 1 |  1.2
Shields        | 1 |  1.2
Evocations     | 1 |  1.2
Conjurations   | 1 |  1.0
Hexes          | 1 |  1.0
Charms         | 1 |  1.0
Summonings     | 1 |  1.0
Necromancy     | 1 |  1.0
Translocations | 1 |  1.0
Fire Magic     | 1 |  1.0
Ice Magic      | 1 |  1.0
Air Magic      | 1 |  1.0
Earth Magic    | 1 |  1.0
Poison Magic   | 1 |  1.0
Fighting       | |  2.8
Dodging        | |  4.6
Unarmed Combat | |  6.6
Transmutations | |  3.8

Action                   |  1- 3 |  4- 6 || total
-------------------------+-------+-------++-------
Melee: Unarmed           |    30 |       ||    30
       Kick              |     4 |       ||     4
       Punch             |     2 |       ||     2
       Headbutt          |     3 |       ||     3
       Bite              |     1 |       ||     1
 Fire: Hunting sling     |       |     7 ||     7
 Cast: Beastly Appendage |     8 |       ||     8
       Sticks to Snakes  |     2 |       ||     2
       Spider Form       |     1 |     1 ||     2
  Use: Scroll            |       |     2 ||     2
 Stab: Sleeping          |     1 |       ||     1
Dodge: Dodged            |    19 |       ||    19

Table legend:
 A = Turns spent in this place as a percentage of turns spent in the entire game.
 B = Non-inter-level travel turns spent in this place as a percentage of non-inter-level travel turns spent in the entire game.
 C = Inter-level travel turns spent in this place as a percentage of turns spent in this place.
 D = Turns resting spent in this place as a percentage of non-inter-level travel turns spent in this place.
 E = Turns spent auto-exploring this place as a percentage of non-inter-level travel turns spent in this place.
 F = Non-inter-level travel turns spent in this place divided by the number of levels of this place that you've seen.
                   A       B       C       D       E      F
               +-------+-------+-------+-------+-------+----------------------
         Total | 100.0 | 100.0 |   0.0 |   0.0 |   0.0 |  90.0
       Dungeon | 100.0 | 100.0 |   0.0 |   0.0 |   0.0 |  90.0
               +-------+-------+-------+-------+-------+----------------------

Table legend:
 A = Kills in this place as a percentage of kills in entire the game.
 B = Kills by you in this place as a percentage of kills by you in the entire game.
 C = Kills by friends in this place as a percentage of kills by friends in the entire game.
 D = Other kills in this place as a percentage of other kills in the entire game.
 E = Experience gained in this place as a percentage of experience gained in the entire game.
 F = Experience gained in this place divided by the number of levels of this place that you have seen.
                   A       B       C       D       E      F
               +-------+-------+-------+-------+-------+----------------------
         Total | 100.0 | 100.0 | 100.0 |   N/A | 100.0 |  28.0
       Dungeon | 100.0 | 100.0 | 100.0 |   N/A | 100.0 |  28.0
               +-------+-------+-------+-------+-------+----------------------

Vault maps used:
D:1:      onia_arrival_larder
D:2:      st_stairs_4, uniq_natasha
D:3:      first_ration, hangedman_decor_riveting, minmay_tree_intersection,
          uniq_grinder, uniq_ijyb
D:4:      minmay_misc_feat_hallway, uniq_blork_the_orc
D:5:      lemuel_round_altar, serial_shops, kennysheep_little_box,
          grunt_ministairs_7
